 Dungeon Crawl Stone Soup version 0.24-a0-521-g122614bf49 (webtiles) character file.

Game seed: 10710637767819917072

74 GordonOverkill the Firebug (level 3, -3/28 HPs)
             Began as a Demigod Fire Elementalist on July 30, 2019.
             Slain by a worm (5 damage)
             ... on level 3 of the Dungeon.
             The game lasted 00:04:01 (2868 turns).

GordonOverkill the Firebug (DgFE)                   Turns: 2868, Time: 00:04:02

Health: -3/28      AC:  5    Str: 13    XL:     3   Next: 86%
Magic:  2/8        EV: 11    Int: 19    God:
Gold:   164        SH:  0    Dex: 16    Spells: 4/5 levels left

rFire    . . .     SeeInvis .   e - +4 whip
rCold    . . .     Gourm    .   (no shield)
rNeg     . . .     Faith    .   k - +0 ring mail
rPois    .         Spirit   .   (no helmet)
rElec    .         Reflect  .   (no cloak)
rCorr    .         Harm     .   (no gloves)
MR       .....                  (no boots)
Stlth    +.........             (no amulet)
HPRegen  0.09/turn              (no ring)
MPRegen  0.11/turn              (no ring)

@: very slightly contaminated
A: high mp 1
a: no special abilities


You were on level 3 of the Dungeon.
You were not hungry.

You visited 1 branch of the dungeon, and saw 3 of its levels.

You collected 164 gold pieces.

Inventory:

Hand Weapons
 e - a +4 whip (weapon)
Missiles
 d - 86 stones (quivered)
Armour
 k - a +0 ring mail (worn)
 o - a +0 scale mail
Scrolls
 b - a scroll of fear {unknown}
 h - 2 scrolls of amnesia {unknown}
 i - 2 scrolls of remove curse {unknown}
 j - 3 scrolls of identify {unknown}
 l - a scroll of immolation {unknown}
 n - 2 scrolls of noise {unknown}
 q - a scroll of enchant weapon {unknown}
Potions
 a - a potion of resistance {unknown}
 f - a potion of might {unknown}
 m - a potion of degeneration {unknown}
 p - a potion of curing {unknown}
 r - a potion of heal wounds {unknown}
Comestibles
 c - 10 rations


   Skills:
 + Level 1.5 Fighting
 + Level 1.1 Maces & Flails
 + Level 1.6 Armour
 + Level 2.5 Dodging
 - Level 1.7 Stealth
 - Level 1.7 Spellcasting
 - Level 0.8 Conjurations
 - Level 2.6 Fire Magic


You had 4 spell levels left.
You knew the following spells:

 Your Spells              Type           Power        Failure   Level  Hunger
a - Flame Tongue          Conj/Fire      #....        19%         1    #......

Your spell library contained the following spells:

 Spells                   Type           Power        Failure   Level  Hunger
 Throw Flame              Conj/Fire      #.....       26%         2    ###....
 Conjure Flame            Conj/Fire      #.......     47%         3    ###....
 Inner Flame              Hex/Fire       #.......     54%         3    ###....
 Sticky Flame             Conj/Fire      #.......     87%         4    #####..
 Fireball                 Conj/Fire      #.........   99%         5    ######.


Dungeon Overview and Level Annotations

Branches:
Dungeon (3/15)

Annotations:
D:3 Grinder


Innate Abilities, Weirdness & Mutations

You have an increased reservoir of magic. (+10% MP)


Message History

You miscast Flame Tongue.
Nothing appears to happen.
Something hits you!
You writhe in agony.
You hit the worm but do no damage.
The worm is heavily wounded.
Something hits you but does no damage. The worm misses you.
You hit the worm.
The worm is heavily wounded.
The orc barely misses you.
Something tries to affect you, but you resist.
You hit the worm.
The worm is severely wounded.
The orc hits you with a +0 short sword. Pain shoots through your body!
* * * LOW HITPOINT WARNING * * *
The worm misses you.
You hit something. Something hits you.
* * * LOW HITPOINT WARNING * * *
You writhe in agony.
* * * LOW HITPOINT WARNING * * *
The orc hits you but does no damage. The worm bites you.
You die...

#...... #.....# ...# ...
...# ...## #....## .....
#.....# #.... ####......
#.... .. #o.......#
#.... ....
#@wo.....###.#.#..
....###.o<..+#.....#....
............+#.)...###+#
##.................#....
........................
#.................##....
##.......#####....<..#..
#..........##....#####..
...........##...........


You could see a worm and 3 orcs.

Vanquished Creatures
  2 adders
  An ooze (D:1)
  2 dart slugs (D:2)
  A giant cockroach (D:1)
  5 goblins
  3 hobgoblins
  10 jackals
  2 quokkas
  2 ball pythons
  4 bats
  2 frilled lizards (D:1)
  5 kobolds
  8 rats
47 creatures vanquished.

Notes
Turn   | Place    | Note
-------+----------+-------------------------------------------
     0 | D:1      | GordonOverkill the Demigod Fire Elementalist began the
                  | quest for the Orb.
     0 | D:1      | Reached XP level 1. HP: 14/14 MP: 5/5
   323 | D:1      | Reached XP level 2. HP: 22/22 MP: 1/7
   657 | D:1      | Reached skill level 1 in Armour
   894 | D:1      | Reached skill level 1 in Fighting
  1709 | D:2      | Reached XP level 3. HP: 26/28 MP: 5/8
  1961 | D:2      | Found a shadowy altar of Dithmenos.
  1964 | D:2      | Reached skill level 1 in Maces & Flails
  2077 | D:2      | Found a sacrificial altar of Ru.
  2855 | D:3      | Noticed Grinder
  2868 | D:3      | Slain by a worm

Levels and vault maps discovered:
D:1:      dpeg_arrival_houses_and_road, layout_basic, minmay_tripent
D:2:      layout_basic, nicolae_overflow_crystal_walls, grunt_dithmenos_smoke
D:3:      layout_basic, minmay_strange_pillars, uniq_grinder

Skill      XL: |  1  2  3 |
---------------+----------+-----
Dodging        | 2 |  2.5
Armour         | 1 |  1.6
Fighting       | 1 |  1.5
Maces & Flails | 1 |  1.1
Stealth        | |  1.7
Spellcasting   | |  1.7
Conjurations   | |  0.8
Fire Magic     | |  2.6

Action                   || total
-------------------------++-------
Melee: Dagger            ||    17
       Whip              ||    13
 Cast: Flame Tongue      ||    77
  Eat: Chunk             ||     7
Armor: Robe              ||     9
       Ring mail         ||     9
Dodge: Dodged            ||    43

Table legend:
 A = Non-vault XP
 B = Vault XP
 C = Vault XP percentage of total XP
 D = Non-vault monster count
 E = Vault monster count
 F = Vault count percentage of total count
                 A         B        C        D         E       F
            +---------+---------+-------+---------+---------+-------
      Total |     105 |       2 |   1.9 |      45 |       2 |   4.3
            +---------+---------+-------+---------+---------+-------
        D:1 |      41 |       2 |   4.7 |      23 |       2 |   8.0
        D:2 |      43 |       0 |   0.0 |      17 |       0 |   0.0
        D:3 |      21 |       0 |   0.0 |       5 |       0 |   0.0
            +---------+---------+-------+---------+---------+-------
